 Dungeon Sprint DCSS version 0.18-a0-1655-ge2d8d33 (webtiles) character file.

4214 Kidiri the Fighter (level 10, -1/88 HPs)
             Began as a Demonspawn Chaos Knight on Mar 30, 2016.
             Slain by a death scarab (8 damage)
             ... summoned by a greater mummy
             ... in the Dungeon (Sprint V: "Ziggurat Sprint").
             The game lasted 00:05:49 (528 turns).

Kidiri the Fighter (Demonspawn Chaos Knight)         Turns: 528, Time: 00:05:51

Health: -1/88      AC: 31    Str: 25    XL:     10   Next: 9%
Magic:  16/16      EV: 13    Int: 14    God:    Xom [...*..]
Gold:   0          SH:  0    Dex: 18    Spells: 0 memorised, 9 levels left

rFire  . . .     SeeInvis .     a - +14 plutonium sword {*Contam Stlth-}
rCold  . . .     Gourm    .     b - +15 Maxwell's patent armour {-Cast -Tele rElec MR+ rCorr}
rNeg   . . .     Faith    .     (shield currently unavailable)
rPois  +         Spirit   .     (helmet restricted)
rElec  +         Dismiss  .     (no cloak)
rCorr  +         Reflect  .     (no gloves)
SustAt .         Harm     .     F - +1 pair of boots {run}
MR     +....     NoTele   +     (no amulet)
Stlth  .......... NoCast   +    n - +6 ring of strength
                                j - +6 ring of dexterity

@: mighty, slowed, drained, very slow, somewhat resistant to hostile
enchantments, extremely unstealthy
A: antennae 2, talons 1, clumsy 1, nightstalker 2, poison resistance, powered by
death 1
a: Renounce Religion


You were in the Dungeon.
You worshipped Xom.
You were a favourite toy of Xom.
You were not hungry.

You visited 1 branch

Inventory:

Hand Weapons
 a - the +14 plutonium sword (weapon) {*Contam Stlth-}
   (You found it in the Dungeon)

   It causes magical contamination when unequipped.
   It makes you less stealthy.
Armour
 b - the +15 Maxwell's patent armour (worn) {-Cast -Tele rElec MR+ rCorr}
   (You found it in the Dungeon)

   It insulates you from electricity.
   It affects your resistance to hostile enchantments.
   It prevents spellcasting.
   It prevents most forms of teleportation.
   It protects you from acid and corrosion.
 F - a +1 pair of boots of running (worn)
Jewellery
 j - a +6 ring of dexterity (left hand)
 k - a +6 ring of dexterity
 n - a +6 ring of strength (right hand)
 o - a +6 ring of strength
 E - the ring of the Pure Songs {rElec rF+ rC+ MR-}
   (You took it off an orc in the Dungeon)

   [ring of protection from cold]

   It protects you from fire.
   It protects you from cold.
   It insulates you from electricity.
   It affects your resistance to hostile enchantments.
 G - a cursed ring of fire
Wands
 l - a wand of disintegration (7/24)
 m - a wand of iceblast (5/15)
 p - a wand of lightning (4/15)
 q - a wand of acid (5/15)
Scrolls
 i - 4 scrolls of blinking
 y - 3 scrolls of recharging
 z - 7 scrolls of fog
 A - 5 scrolls of identify
 B - 5 scrolls of remove curse
 C - 2 scrolls of fear
Potions
 d - 10 potions of curing
 e - 5 potions of heal wounds
 f - 6 potions of haste
 g - 7 potions of magic
 h - 3 potions of berserk rage
 r - 2 potions of brilliance
 s - 2 potions of invisibility
 t - 4 potions of resistance
 v - 5 potions of agility
 w - 5 potions of might
Comestibles
 c - 5 bread rations
 u - 14 chunks of flesh
 x - 42 fruits
 D - 4 meat rations


   Skills:
 * Level 11.6(11.0) Fighting
 * Level 10.7(10.1) Long Blades
 * Level 10.6(10.0) Armour
 * Level 10.4(9.8) Dodging
 + Level 8.0(7.4) Evocations


You had 9 spell levels left.
You didn't know any spells.

Dungeon Overview and Level Annotations

Branches:
Dungeon (1/1)

Altars:
Ashenzari
Cheibriados
Dithmenos
Elyvilon
Fedhas
Gozag
Kikubaaqudgha
Makhleb
Nemelex Xobeh
Okawaru
Pakellas
Qazlal
Ru
Sif Muna
Trog
Vehumet
Xom
Yredelemnul
Zin
The Shining One
Beogh
Jiyva
Lugonu


Innate Abilities, Weirdness & Mutations

You have a pair of antennae on your head.
You have sharp toenails.
You are significantly more attuned to the shadows.
You regenerate a little health from kills.
You are clumsy. (Dex -2)
Your system is resistant to poisons.


Message History

The death scarab bites you but does no damage.
The death scarab closely misses you.
The death scarab bites you but does no damage.
The death scarab bites you!
* * * LOW HITPOINT WARNING * * *
The quokka zombie closely misses you. The ushabti hits you.
* * * LOW HITPOINT WARNING * * *
The greater mummy hits you but does no damage.
The death scarab closely misses you. The guardian mummy barely misses you.
The death scarab closely misses you. The mummy barely misses you.
The quokka zombie bites you but does no damage.
Unknown command.
Drink which item? (? for menu, Esc to quit)
You feel much better.
You are engulfed in negative energy.
You feel drained.
* * * LOW HITPOINT WARNING * * *
The death scarab twitches its antennae in your direction. x3
The death scarab bites you but does no damage.
The death scarab closely misses you. The death scarab bites you!
You die...
Xom guffaws! ,▓.▓.....▓.▓.▓...▓)▓ ,▓.........▓....)÷.▓ *▓▓▓▓▓▓▓▓▓▓▓▓▓▓▓▓▓▓▓ ,,, ©8,,,*,..8©8...▓ ,,{{{{{,,*§..:§=:..▓ , {{{{{

,▓§...§§§..▓ ,,,, ,
,▓..§§§BB§.▓ ,, ,,
,,,▓§...BB8M§▓ ,, ,,
,,,▓§...BM@Z§▓ ,
,,,,,,▓...§§BMB.▓
,,,,,,,,,▓.▓..§.B▓.▓
,, ,,,,,,▓.........▓
,,,, ,,,,▓▓▓▓▓▓▓▓▓▓▓
** * **** ******* **
,,,,,,,, ©8,,,,,,,,,*
,∆∆∆∆∆∆∆∆,{{{{{{{{{,*
∆∆∆∆∆∆∆∆∆∆∆∆∆∆∆∆∆∆,


You could see a greater mummy, a guardian mummy, an ushabti, 8 death scarabs, a
mummy and a quokka zombie.

Vanquished Creatures
  A cacodemon (D)
  A spriggan druid (D)
  A guardian mummy (D)
  A slime creature (D)
  A flying skull (D)
  A basilisk (D)
  A golden eye (D)
  2 spriggans (D)
  A soldier ant (D)
  3 porcupines (D)
  An orc warrior (D)
  2 phantoms (D)
  A black bear (D)
  An eye of draining (D)
  2 wolves (D)
  A giant frog (D)
  A quasit (D)
  An iron imp (D)
  An orc priest (D)
  2 orc wizards (D)
  2 sheep (D)
  5 mummies (D)
  2 river rats (D)
  3 shadow imps (D)
  3 white imps (D)
  2 ufetubi (D)
  2 oozes (D)
  2 orcs (D)
  A jackal (D)
48 creatures vanquished.

Vanquished Creatures (collateral kills)
  An adder skeleton (D)
1 creature vanquished.

Grand Total: 49 creatures vanquished

Notes
Turn   | Place    | Note
--------------------------------------------------------------
     0 | D        | Kidiri the Demonspawn Chaos Knight began the quest for the Orb.
     0 | D        | Reached XP level 1. HP: 18/18 MP: 1/1
     0 | D        | Found an iron altar of Okawaru.
     0 | D        | Found a burning altar of Makhleb.
     0 | D        | Found a radiant altar of Vehumet.
     0 | D        | Found a deep blue altar of Sif Muna.
     0 | D        | Found a shimmering altar of Xom.
     0 | D        | Found a bloodstained altar of Trog.
     5 | D        | Found a white marble altar of Elyvilon.
     5 | D        | Found a corrupted altar of Lugonu.
     5 | D        | Found a sparkling altar of Nemelex Xobeh.
     5 | D        | Found a roughly hewn altar of Beogh.
     5 | D        | Found a viscous altar of Jiyva.
    57 | D        | Reached skill level 4 in Fighting
    57 | D        | Gained mutation: You are slightly more attuned to the shadows. [demonic ancestry]
    57 | D        | Reached XP level 2. HP: 26/26 MP: 1/3
    82 | D        | Entered arena 1.
    82 | D        | Noticed a phantom
    82 | D        | Noticed a phantom
    87 | D        | Killed a phantom
    87 | D        | Reached skill level 5 in Fighting
    87 | D        | Reached skill level 5 in Long Blades
    87 | D        | Gained mutation: You are significantly more attuned to the shadows. [demonic ancestry]
    87 | D        | Reached XP level 3. HP: 33/33 MP: 3/5
    87 | D        | Gained mutation: You have sharp toenails. [demonic ancestry]
    87 | D        | Reached XP level 4. HP: 39/39 MP: 3/6
    91 | D        | Killed a phantom
    91 | D        | Reached skill level 6 in Fighting
    91 | D        | Reached skill level 5 in Armour
    91 | D        | Reached skill level 5 in Dodging
    91 | D        | Gained mutation: You regenerate a little health from kills. [demonic ancestry]
    91 | D        | Reached XP level 5. HP: 39/47 MP: 3/7
   142 | D        | Entered arena 2.
   155 | D        | Entered arena 3.
   167 | D        | Gained mutation: You have a pair of small antennae on your head. [demonic ancestry]
   167 | D        | Reached XP level 6. HP: 35/53 MP: 9/9
   169 | D        | XOM: divination: detect items
   218 | D        | Entered arena 4.
   218 | D        | Noticed a porcupine
   220 | D        | Reached skill level 7 in Fighting
   220 | D        | XOM: divination: magic mapping
   226 | D        | Killed a porcupine
   241 | D        | Entered arena 5.
   241 | D        | Noticed a golden eye
   241 | D        | Noticed a slime creature
   242 | D        | Killed a golden eye
   242 | D        | Reached skill level 8 in Fighting
   242 | D        | Reached skill level 5 in Evocations
   242 | D        | Reached XP level 7. HP: 62/62 MP: 10/10
   247 | D        | Killed a slime creature
   337 | D        | Entered arena 6.
   344 | D        | Reached XP level 8. HP: 63/70 MP: 12/12
   346 | D        | Reached skill level 9 in Fighting
   350 | D        | Got the ring of the Pure Songs {rElec rF+ rC+ MR-}
   363 | D        | Identified a +1 pair of boots of running (You found it in the Dungeon)
   367 | D        | Entered arena 7.
   367 | D        | XOM: cast spell 'Confusing Touch'
   368 | D        | XOM: divination: detect items
   371 | D        | XOM: divination: magic mapping
   372 | D        | Noticed a spriggan druid
   380 | D        | Killed a spriggan druid
   386 | D        | Reached skill level 10 in Fighting
   387 | D        | Gained mutation: You have a pair of antennae on your head. [demonic ancestry]
   387 | D        | Reached XP level 9. HP: 78/78 MP: 12/14
   410 | D        | Entered arena 8.
   412 | D        | Noticed a black mamba
   414 | D        | XOM: potion effect (berserk rage)
   417 | D        | a black mamba changed into a soldier ant
   475 | D        | Entered arena 9.
   476 | D        | Noticed a cacodemon
   477 | D        | XOM: potion effect (might)
   481 | D        | Gained mutation: You are clumsy. (Dex -2) [a cacodemon]
   482 | D        | Gained mutation: Your system is resistant to poisons. [a cacodemon]
   485 | D        | Killed a cacodemon
   485 | D        | Reached skill level 11 in Fighting
   485 | D        | Reached skill level 10 in Long Blades
   485 | D        | Reached skill level 10 in Armour
   485 | D        | Reached skill level 10 in Dodging
   513 | D        | Entered arena 10.
   514 | D        | Noticed a guardian mummy
   514 | D        | XOM: summons friendly quasit
   515 | D        | Noticed a guardian mummy
   515 | D        | Noticed a greater mummy
   516 | D        | Noticed a death scarab
   516 | D        | Noticed a death scarab
   516 | D        | Noticed a death scarab
   516 | D        | Reached XP level 10. HP: 88/88 MP: 15/15
   516 | D        | XOM: summons 10 friendly demons
   520 | D        | Noticed a death scarab
   520 | D        | Noticed a death scarab
   520 | D        | Noticed a death scarab
   520 | D        | Noticed a death scarab
   522 | D        | Noticed a death scarab
   522 | D        | Noticed a death scarab
   522 | D        | Noticed a death scarab
   527 | D        | XOM: divination: magic mapping
   527 | D        | HP: 4/88 [ushabti (6)]
   528 | D        | Slain by a death scarab

Vault maps used:
D:        sprint_v

Skill      XL: |  1  2  3  4  5  6  7  8  9 10 |
---------------+-------------------------------+-----
Fighting       | 4 5 6 8 10 11 | 11.6
Long Blades    | 4 5 6 7 8 9 10 | 10.7
Armour         | 3 4 5 7 9 10 | 10.6
Dodging        | 3 4 5 6 7 9 10 | 10.4
Evocations     | 2 3 4 5 6 7 8 |  8.0

Action                   |  1- 3 |  4- 6 |  7- 9 | 10-12 || total
-------------------------+-------+-------+-------+-------++-------
Melee: Triple sword      |     4 |    24 |    66 |     6 ||   100
Evoke: Wand              |       |       |     1 |       ||     1
  Use: Potion            |     1 |       |       |     5 ||     6
